 Dungeon Crawl Stone Soup version 0.32-a0-656-g3542139ebd (webtiles) character file.

Game seed: 6042359277998074581

13484 croobank the Thaumaturge (level 11, -8/64 HPs)
             Began as a Deep Elf Conjurer on Mar 8, 2024.
             Was a High Priest of Vehumet.
             Mangled by an orc knight
             ... wielding a +0 great sword
              (16 damage)
             ... on level 11 of the Dungeon.
             The game lasted 00:53:41 (12055 turns).

croobank the Thaumaturge (Deep Elf Conjurer)       Turns: 12055, Time: 00:53:42

Health: -8/64      AC:  9    Str:  4    XL:     11   Next: 76%
Magic:  0/30       EV: 22    Int: 28    God:    Vehumet [*****.]
Gold:   2030       SH:  0    Dex: 15    Spells: 7/37 levels left

rFire   . . .        W - +5 Force Lance {heavy, knockback}
rCold   . . .        (no shield)
rNeg    + + +        O - +0 steam dragon scales
rPois   +            o - +0 helmet
rElec   .            c - +1 cloak
rCorr   .            (no gloves)
SInv    .            h - +0 pair of boots "Bacwezir" {rN+}
Will    +....        C - amulet "Foti Zir" {Spirit ^Contam rPois rN+}
Stlth   ++++         d - +5 ring of evasion
HPRegen 0.30/turn    J - ring of the Doge {Wiz rN+ Dex+2}
MPRegen 0.22/turn

%: guardian spirit, wizardry (x1)
@: no status effects
A: no striking features
a: Renounce Religion


You were on level 11 of the Dungeon.
You worshipped Vehumet.
Vehumet was extremely pleased with you.
You visited 1 branch of the dungeon, and saw 11 of its levels.
You also visited: Sewer and Ossuary.

You collected 2030 gold pieces.

Inventory:

Hand Weapons
 i - a +4 hand axe
 p - a +3 long sword of freezing
 K - a +2 short sword of venom
 L - a +3 spear
 M - a +4 dagger of speed
 U - a +2 scimitar of freezing
 V - a -1 demon whip of venom
 W - the +5 Force Lance (weapon) {heavy, knockback}
   (You took it off a vampire on level 10 of the Dungeon)
Missiles
 g - a throwing net
 l - 4 atropa-tipped darts (quivered)
 m - 13 poisoned darts
 E - 6 javelins
 H - 14 darts of dispersal
 I - 8 boomerangs
 S - a curare-tipped dart
Armour
 c - a +1 cloak (worn)
 h - the +0 pair of boots "Bacwezir" (worn) {rN+}
   (You acquired it on level 6 of the Dungeon)

   rN+:       It protects you from negative energy.
 o - a +0 helmet (worn)
 O - +0 steam dragon scales (worn)
 T - a +0 kite shield
 Y - a +2 robe of willpower
Jewellery
 d - a +5 ring of evasion (left hand)
 C - the amulet "Foti Zir" (around neck) {Spirit ^Contam rPois rN+}
   (You found it on level 5 of the Dungeon)

   [amulet of guardian spirit]

   Spirit:    It causes incoming damage to be divided between your reserves of
   health and magic.
   rPois:     It protects you from poison.
   rN+:       It protects you from negative energy.
   ^Contam:   It causes magical contamination when unequipped.
 G - a ring of wizardry
 J - the ring of the Doge (right hand) {Wiz rN+ Dex+2}
   (You found it on level 7 of the Dungeon)

   [ring of wizardry]

   Wiz:       It improves your spell success rate.
   Dex+2:     It affects your dexterity (+2).
   rN+:       It protects you from negative energy.
 R - an amulet of faith
Wands
 a - a wand of paralysis (23)
 t - a wand of acid (1)
 Q - a wand of iceblast (9)
Scrolls
 q - 3 scrolls of poison {unknown}
 r - a scroll of fear
 u - a scroll of torment {unknown}
 v - 4 scrolls of enchant armour {unknown}
 y - 2 scrolls of blinking {unknown}
 B - 3 scrolls of noise {unknown}
 F - 2 scrolls of immolation {unknown}
 N - 2 scrolls of silence {unknown}
 P - a scroll of summoning
 X - a scroll of revelation
 Z - a scroll of identify
Potions
 b - a potion of magic
 e - a potion of heal wounds
 f - a potion of berserk rage
 j - 4 potions of enlightenment
 k - 2 potions of resistance
 n - 2 potions of attraction
 s - 2 potions of ambrosia
 w - a potion of brilliance {unknown}
 x - 7 potions of curing {unknown}
 z - a potion of invisibility {unknown}
 A - 2 potions of lignification {unknown}
Miscellaneous
 D - a phantom mirror


   Skills:
 + Level 6.2 Fighting
 + Level 9.4 Dodging
 - Level 10.0 Stealth
 + Level 13.8 Spellcasting
 + Level 9.4 Conjurations
 - Level 5.0 Hexes
 - Level 3.0 Air Magic
 - Level 3.0 Alchemy


You had 7 spell levels left.
You knew the following spells:

 Your Spells              Type           Power      Damage    Failure   Level
a - Magic Dart            Conj           100%       1d8       1%          1
b - Searing Ray           Conj           100%       2d8       1%          2
c - Mephitic Cloud        Conj/Alch/Air  48%        N/A       1%          3
d - Inner Flame           Hex/Fire       33%        N/A       1%          3
e - Freezing Cloud        Conj/Ice/Air   21%        6-21      1%          5
f - Iskenderun's Battles  Conj           64%        2d11      1%          5
g - Arcjolt               Conj/Air       26%        1d36      1%          5
h - Conjure Ball Lightni  Conj/Air       26%        3x3d7     3%          6

Your spell library contained the following spells:

 Spells                   Type           Power      Damage    Failure   Level
 Apportation              Tloc           38%        N/A       1%          1
 Necrotise                Necr           76%        1d7       1%          1
 Sandblast                Erth           38%        2d10      1%          1
 Sting                    Conj/Alch      100%       1d9       1%          1
 Summon Small Mammal      Summ           76%        N/A       1%          1
 Ensorcelled Hibernation  Hex/Ice        66%        N/A       1%          2
 Mercury Vapours          Alch/Air       72%        N/A       1%          2
 Sublimation of Blood     Necr           19%        N/A       1%          2
 Stone Arrow              Conj/Erth      90%        3d12      1%          3
 Swiftness                Air            36%        N/A       1%          3
 Tukima's Dance           Hex            47%        N/A       1%          3
 Brom's Barrelling Bould  Conj/Erth      45%        2d6       1%          4
 Fulminant Prism          Conj/Alch      26%        3d13      1%          4
 Iskenderun's Mystic Bla  Conj/Tloc      45%        2d10      1%          4
 Irradiate                Conj/Alch      26%        3d20      1%          5
 Passwall                 Erth           19%        N/A       3%          3
 Dimensional Bullseye     Hex/Tloc       16%        N/A       4%          4
 Petrify                  Alch/Erth      27%        N/A       6%          4


Dungeon Overview and Level Annotations

Branches:
Dungeon (11/15)            Temple (0/1) D:6             Orc (0/2) D:11
  Sewer (visited)         Ossuary (visited)
   Lair: D:8-11

Altars:
Ru
Uskayaw
Vehumet

Shops:
D:1 [   D:10 ?

Annotations:
D:8 2 transporters


Message History

The bolt barely misses you.
Casting: Arcjolt (dangerous; 1% risk of failure)
Confirm with . or Enter, or press ? or * to list all spells.
Electricity surges outward!
The orc knight is struck by an electric surge!
The orc knight is lightly wounded.
The orc knight shoots a bolt.
The bolt hits you!!
Casting: Arcjolt (dangerous; 1% risk of failure)
Confirm with . or Enter, or press ? or * to list all spells.
You don't have enough magic to cast this spell.
Casting: Arcjolt (dangerous; 1% risk of failure)
Confirm with . or Enter, or press ? or * to list all spells.
Aiming: Mephitic Cloud (safe; 1% risk of failure)
Press: ? - help, Shift-Dir - straight line, f - orc knight
Aim: an orc knight, wielding a +0 arbalest and wearing a +0 plate armour (lightly wounded, chance to affect: 58%)
The ball explodes into a vile cloud!
The stinking cloud engulfs the orc knight.
The orc knight is lightly wounded.
You hear a shout!
The orc knight is engulfed in noxious fumes.
The orc knight appears confused.
Found a scroll of summoning.
There is an open door here.
Items here: $ ))) [ †††.
You barely miss the orc knight.
The orc knight is lightly wounded.
The orc knight is engulfed in noxious fumes.
The orc knight looks very confused.
The orc knight unwields a +0 arbalest.
The orc knight wields a +0 great sword.
The orc knight hits you with a +0 great sword!!
You are too injured to fight recklessly!
You puncture the orc knight!
The orc knight is moderately wounded.
The orc knight is engulfed in noxious fumes.
The orc knight hits you with a +0 great sword!
* * * LOW HITPOINT WARNING * * *
The orc knight is engulfed in noxious fumes.
The orc knight appears confused.
The orc knight hits you with a +0 great sword!
You die...

...>.....# ###...........
.........###.'...........
.........#...#...........
.........'.###...........
.........### ####'#######
...^.....# ##.#
#######+## #..# #.## #@#
.. #..)o§....# ..
#..)$§)...# ..
#)..).....# ..
#...)))$).# ......
#...).)...# ..P..
#...$$....# .P..#
+..?......# ....##


You could see an orc knight (confused).

Vanquished Creatures
  Josephine (D:10)
  4 two-headed ogres
  Amaemon (D:10)
  An elephant (D:11)
  A gargoyle (D:10)
  An orange demon (D:10)
  2 kobold demonologists (D:10)
  3 trolls
  A polar bear (shapeshifter) (D:9)
  Sigmund (D:4)
  3 shadows (D:10)
  A vampire (D:10)
  4 wraiths
  6 yaks
  A steam dragon (D:7)
  Menkaure (D:6)
  3 acid dragons (D:10)
  A sky beast (D:6)
  9 orc warriors
  3 black bears
  2 ice beasts
  2 centaurs
  An ogre (D:11)
  2 kobold brigands
  3 phantoms
  3 bullfrogs
  A brain worm (Sewer)
  A gnoll sergeant (D:8)
  A scorpion (D:7)
  17 wights
  6 killer bees (D:9)
  3 centaur zombies (D:9)
  2 jellies
  A bombardier beetle (D:5)
  A hound (D:4)
  Crazy Yiuf (D:4)
  6 orc priests
  A sleepcap (D:5)
  6 iguanas
  Natasha (thrice) (D:2)
  5 orc wizards
  A hound zombie (D:4)
  2 hound skeletons (D:4)
  8 mummies (Ossuary)
  Robin (D:4)
  3 howler monkey zombies (D:9)
  12 gnolls
  9 adders
  3 river rats (Sewer)
  A shadow imp (D:5)
  A white imp (D:7)
  2 adder skeletons (D:4)
  A ribbon worm (D:2)
  3 dart slugs
  39 orcs
  6 ball pythons
  12 bats
  11 endoplasms
  5 giant cockroaches
  10 goblins
  8 hobgoblins
  7 jackals
  20 kobolds
  6 quokkas
  6 frilled lizards
  A gnoll zombie (Ossuary)
  4 hobgoblin zombies (Ossuary)
  A kobold zombie (Ossuary)
  2 orc zombies (Ossuary)
  7 rats
308 creatures vanquished.

Vanquished Creatures (collateral kills)
  3 goblins (D:4)
3 creatures vanquished.

Vanquished Creatures (others)
  12 ball lightnings (D:10)
12 creatures vanquished.

Grand Total: 323 creatures vanquished

Notes
Turn   | Place    | Note
-------+----------+-------------------------------------------
     0 | D:1      | croobank the Deep Elf Conjurer began the quest for the Orb.
     0 | D:1      | Reached XP level 1. HP: 10/10 MP: 6/6
   102 | D:1      | Found a faded altar of an unknown god.
   107 | D:1      | Prayed at the altar of an unknown god.
   107 | D:1      | Became a worshipper of Vehumet
   107 | D:1      | Reached * piety under Vehumet
   107 | D:1      | Offered knowledge of Shock by Vehumet.
   216 | D:1      | Found Soonnuschuch's Armour Shoppe.
   284 | D:1      | Reached XP level 2. HP: 15/15 MP: 8/8
   287 | D:1      | Learned a level 2 spell: Searing Ray
   709 | D:2      | Reached XP level 3. HP: 17/20 MP: 6/9
   972 | D:2      | Offered knowledge of Static Discharge by Vehumet.
   973 | D:2      | Reached ** piety under Vehumet
  1180 | D:2      | Learned a level 3 spell: Mephitic Cloud
  1188 | D:2      | Reached skill level 1 in Fighting
  1307 | D:2      | Noticed Natasha
  1314 | D:2      | Reached XP level 4. HP: 25/25 MP: 8/11
  1400 | D:2      | Killed Natasha
  1401 | D:2      | Reached skill level 4 in Spellcasting
  1409 | D:2      | Noticed Natasha
  1413 | D:2      | Killed Natasha
  1414 | D:2      | Reached skill level 5 in Conjurations
  1414 | D:2      | Reached skill level 1 in Air Magic
  1414 | D:2      | Reached skill level 1 in Alchemy
  1414 | D:2      | Reached XP level 5. HP: 26/29 MP: 2/13
  1527 | D:2      | Noticed Natasha
  1540 | D:2      | Killed Natasha
  2029 | D:3      | Offered knowledge of Frozen Ramparts by Vehumet.
  2167 | D:3      | Found a sacrificial altar of Ru.
  2806 | D:4      | Reached *** piety under Vehumet
  2807 | D:4      | Reached XP level 6. HP: 16/35 MP: 4/14
  2830 | D:4      | Found a sand-covered staircase.
  2878 | Ossuary  | Entered an ossuary
  3400 | Ossuary  | Offered knowledge of Inner Flame by Vehumet.
  3408 | Ossuary  | Learned a level 3 spell: Inner Flame
  3570 | D:4      | Noticed Robin
  3594 | D:4      | Killed Robin
  3908 | D:4      | Found a runed translucent door.
  3909 | D:4      | Noticed Crazy Yiuf
  3920 | D:4      | Killed Crazy Yiuf
  4105 | D:4      | Noticed Sigmund
  4115 | D:4      | Killed Sigmund
  4116 | D:4      | Reached skill level 5 in Spellcasting
  4116 | D:4      | Reached XP level 7. HP: 37/40 MP: 16/16
  4518 | D:5      | Entered Level 5 of the Dungeon
  4568 | D:5      | Identified the amulet "Foti Zir" {Spirit ^Contam rPois rN+}
  4639 | D:5      | Reached **** piety under Vehumet
  4646 | D:5      | Learned a level 5 spell: Freezing Cloud
  4695 | D:5      | Found a glowing drain.
  4699 | Sewer    | Entered a sewer
  4742 | Sewer    | Offered knowledge of Iskenderun's Battlesphere by Vehumet.
  5056 | Sewer    | Reached skill level 5 in Stealth
  5229 | Sewer    | Reached skill level 1 in Hexes
  5720 | D:5      | Identified 2 scrolls of acquirement
  5720 | D:5      | Acquired 1140 gold pieces
  5744 | D:5      | Reached XP level 8. HP: 45/45 MP: 9/18
  5904 | D:5      | Found a hide-covered altar of Uskayaw.
  6201 | D:5      | Reached skill level 5 in Dodging
  6375 | D:6      | Found a staircase to the Ecumenical Temple.
  6389 | D:6      | Noticed Menkaure
  6397 | D:6      | Killed Menkaure
  6409 | D:6      | Reached skill level 6 in Spellcasting
  6532 | D:6      | You fall into a shaft and drop 1 floor!
  6596 | D:7      | Identified the ring of the Doge {Wiz rN+ Dex+2}
  6605 | D:7      | Learned a level 5 spell: Iskenderun's Battlesphere
  6679 | D:7      | Reached XP level 9. HP: 50/51 MP: 13/21
  6688 | D:7      | Reached ***** piety under Vehumet
  6688 | D:7      | Offered knowledge of Arcjolt by Vehumet.
  6997 | D:7      | Reached skill level 7 in Spellcasting
  7933 | D:8      | Found a transporter.
  8211 | D:8      | Reached skill level 5 in Hexes
  8510 | D:8      | Found a transporter.
  8510 | D:8      | Noticed a kobold demonologist
  8911 | D:9      | Noticed a two-headed ogre
  8922 | D:9      | Killed a two-headed ogre
  8923 | D:9      | Reached skill level 9 in Spellcasting
  8923 | D:9      | Reached XP level 10. HP: 18/58 MP: 2/25
  9093 | D:9      | Learned a level 5 spell: Arcjolt
  9241 | D:9      | Reached skill level 10 in Spellcasting
  9444 | D:9      | Reached skill level 11 in Spellcasting
  9790 | D:9      | Offered knowledge of Conjure Ball Lightning by Vehumet.
  9797 | D:9      | Reached skill level 12 in Spellcasting
  9930 | D:9      | Learned a level 6 spell: Conjure Ball Lightning
 10113 | D:10     | Entered Level 10 of the Dungeon
 10339 | D:10     | Noticed Amaemon
 10339 | D:10     | Noticed an orange demon
 10341 | D:10     | Noticed a gargoyle
 10346 | D:10     | Killed an orange demon
 10358 | D:10     | Killed a gargoyle
 10359 | D:10     | Reached skill level 5 in Fighting
 10359 | D:10     | Killed Amaemon
 10473 | D:10     | Noticed a two-headed ogre
 10483 | D:10     | Killed a two-headed ogre
 10484 | D:10     | Reached skill level 13 in Spellcasting
 10484 | D:10     | Reached XP level 11. HP: 64/64 MP: 24/30
 10576 | D:10     | Noticed Josephine
 10582 | D:10     | Killed Josephine
 10727 | D:10     | Found Riyrchel's Magic Scroll Emporium.
 10956 | D:10     | Acquired the +0 pair of boots "Bacwezir" {rN+}
 11536 | D:11     | Noticed a two-headed ogre
 11547 | D:11     | Killed a two-headed ogre
 11571 | D:11     | Noticed a two-headed ogre
 11580 | D:11     | Killed a two-headed ogre
 11989 | D:11     | Found a staircase to the Orcish Mines.
 12042 | D:11     | Noticed an orc knight
 12043 | D:11     | Reached skill level 10 in Stealth
 12055 | D:11     | Mangled by an orc knight

Illustrated notes

Levels and vault maps discovered:
D:1:      minmay_arrival_five_plusses, layout_rooms, serial_shops,
          nicolae_shop_hallway_plus, ebering_ecumenical_altar_hall,
          chequers_avenue, hex_tiny
D:2:      layout_basic, minmay_circle_x, uniq_natasha
D:3:      layout_basic, mainiacjoe_overflow_six_doors_small, st_stairs_9
D:4:      layout_loops_ring, mainiacjoe_ossuary_entry_find_the_door,
          glass_columns_b, uniq_sigmund, uniq_crazy_yiuf_cottage, uniq_robin
D:5:      layout_basic, nicolae_uskayaw_suspiria, gup_sewer_entry_spiral
D:6:      layout_loops_ring, minmay_temple_entry_stoned_glass,
          minmay_misc_feat_x, minmay_unpleasant_kobolds, uniq_menkaure
D:7:      layout_basic
D:8:      gammafunk_wand_slinger, layout_cave_pools
D:9:      layout_long_grid, serial_undead, serial_undead_f, serial_undead_b,
          serial_undead_d, serial_undead_a, minmay_misc_feat_secret_circle
D:10:     layout_loops_ring, serial_shops, nicolae_take_the_stairs,
          uniq_amaemon, uniq_josephine
D:11:     layout_roguey [special_room_orc], grunt_lair_entry_orc_guard_hut,
          orc_0_dummy, ploomutoo_gammafunk_ghost_potion_laboratory

Skill      XL: |  1  2  3  4  5  6  7  8  9 10 11 |
---------------+----------------------------------+-----
Stealth        | 3 4 5 6 7 8 10 | 10.0
Dodging        | 3 4 6 7 8 9 |  9.4
Fighting       | 1 2 3 4 5 6 |  6.2
Spellcasting   | 4 5 6 9 13 | 13.8
Conjurations   | 5 6 7 8 9 |  9.4
Air Magic      | 1 2 3 |  3.0
Alchemy        | 1 2 3 |  3.0
Hexes          | 1 3 5 |  5.0

Action                     |  1- 3 |  4- 6 |  7- 9 | 10-12 || total
---------------------------+-------+-------+-------+-------++-------
  Melee: Dagger            |    40 |    68 |    64 |    54 ||   226
         Lance             |       |       |       |    56 ||    56
  Throw: Dart              |       |     1 |       |     4 ||     5
   Cast: Magic Dart        |    22 |    14 |    65 |     9 ||   110
         Searing Ray       |    19 |    49 |    75 |    47 ||   190
         Mephitic Cloud    |       |     2 |     4 |    15 ||    21
         Iskenderun's Batt |       |       |     2 |       ||     2
         Freezing Cloud    |       |       |       |     8 ||     8
         Inner Flame       |       |       |       |     5 ||     5
         Arcjolt           |       |       |       |    12 ||    12
         Conjure Ball Ligh |       |       |       |     4 ||     4
  Evoke: Wand              |       |     1 |     6 |       ||     7
    Use: Scroll            |       |     5 |     8 |     3 ||    16
         Potion            |       |     2 |     1 |     1 ||     4
   Stab: Sleeping          |       |     3 |       |     3 ||     6
         Confused          |       |       |       |     5 ||     5
 Armour: Robe              |    34 |    54 |    41 |       ||   129
         Steam dragon scal |       |       |    12 |    93 ||   105
  Dodge: Dodged            |    36 |    58 |   123 |   176 ||   393

Table legend: (Time is in decaauts)
 A = Elapsed time spent in this place.
 B = Non-inter-level travel time spent in this place.
 C = Inter-level travel time spent in this place.
 D = Time resting spent in this place.
 E = Time spent auto-exploring this place.
 F = Levels seen in this place.
 G = Mean time per level.
                   A        B        C        D        E       F      G
               +--------+--------+--------+--------+--------+-----+--------+
         Total |  12308 |  11979 |    329 |   2133 |   7482 |  13 |  946.8 |
       Dungeon |  10675 |  10346 |    329 |   1740 |   6545 |  11 |  970.5 |
         Sewer |    950 |    950 |      0 |     54 |    735 |   1 |  950.0 |
       Ossuary |    682 |    682 |      0 |    339 |    201 |   1 |  682.0 |
               +--------+--------+--------+--------+--------+-----+--------+

Top non-repeatable levels by time:
    D:10: 1512 daAuts
     D:9: 1270 daAuts
     D:2: 1270 daAuts
     D:4: 1093 daAuts
     D:5: 1069 daAuts
   Sewer: 950 daAuts
     D:8: 938 daAuts
     D:7: 832 daAuts
     D:3: 831 daAuts
     D:6: 777 daAuts
 Ossuary: 682 daAuts
     D:1: 648 daAuts
    D:11: 429 daAuts
